[Event "FRA-chTW Top 12 2019"]
[Site "Vandoeuvre"]
[Date "2019.05.04"]
[Round "4.10"]
[White "Le Du, Maelle"]
[Black "Cramling, Pia"]
[Result "0-1"]
[ECO "A48"]
[WhiteElo "1673"]
[BlackElo "2454"]
[Annotator "ChessBase"]
[PlyCount "84"]
[EventDate "2019.05.02"]
[EventType "team-tourn"]
[EventCountry "FRA"]
[SourceTitle "playchess.com"]
[Source "ChessBase"]
[SourceQuality "1"]
[TimeControl "40/5400+30:1800+30"]

1. d4 Nf6 2. Nf3 b6 3. e3 Bb7 4. b3 g6 5. Bb2 Bg7 6. Bd3 O-O 7. O-O c5 8. Nbd2 Nc6 9. c3 d6 10. Rc1 cxd4 11. cxd4 Nb4 12. Bb1 Ba6 13. Re1 Nd3 14. Bxd3 Bxd3 15. Nc4 Be4 16. Qe2 Bb7 17. Ncd2 Qd7 18. e4 Rac8 19. d5 Nxd5 20. Bxg7 Nf4 21. Qe3 Qg4 22. g3 Nh3+ 23. Kg2 Kxg7 24. Ng1 Nxg1 25. Kxg1 Qd7 26. Nf3 Rc5 27. Rxc5 dxc5 28. Ne5 Qe6 29. f4 Rd8 30. Nc4 Qd7 31. Kf2 Qh3 32. Kg1 Rd4 33. Nd2 Qd7 34. Re2 Ba6 35. Rf2 Rd3 36. Qe1 Qd4 37. Kg2 Re3 38. Qc1 Bb7 39. Qc2 Rxe4 40. Kf1 Re3 41. Nc4 Qa1+ 42. Qd1 Qxd1# 0-1

[Event "FRA-chTW Top 12 2019"]
[Site "Vandoeuvre"]
[Date "2019.05.04"]
[Round "4.10"]
[White "Gospodaru, Teodora"]
[Black "Belluire, Beatrice"]
[Result "0-1"]
[ECO "A57"]
[WhiteElo "1434"]
[BlackElo "1913"]
[Annotator "NA"]
[PlyCount "86"]
[EventDate "2019.05.02"]
[EventType "team-tourn"]
[EventCountry "FRA"]
[SourceTitle "playchess.com"]
[Source "ChessBase"]
[SourceQuality "1"]
[TimeControl "40/5400+30:1800+30"]

1. d4 Nf6 2. Nf3 g6 3. c4 c5 4. d5 b5 5. Qc2 b4 6. e4 d6 7. Nbd2 Bg7 8. a3 O-O 9. Be2 a5 10. O-O Bb7 11. h3 Nbd7 12. Ne1 e5 13. Nd3 Nb6 14. f4 exf4 15. Nxf4 Qe7 16. Bf3 Rfe8 17. Re1 Ba6 18. Nd3 Nfd7 19. Rb1 Ne5 20. Nxe5 Qxe5 21. Be2 Bc8 22. Nf3 Qg3 23. Kf1 f5 24. Bd3 fxe4 25. Bxe4 Bf5 26. Bxf5 Rxe1+ 27. Nxe1 Rf8 28. Nf3 Rxf5 29. Be3 Rxf3+ 30. gxf3 Qxf3+ 31. Qf2 Qh1+ 32. Qg1 Qxh3+ 33. Ke2 Nxc4 34. axb4 Qh5+ 35. Kf1 Qf3+ 36. Bf2 Nd2+ 37. Ke1 Nxb1 38. Qg5 Bf6 39. Qc1 Qh1+ 40. Ke2 Qxc1 41. Be3 Qc2+ 42. Kf3 Nd2+ 43. Bxd2 Qxd2 0-1

[Event "FRA-chTW Top 12 2019"]
[Site "Vandoeuvre"]
[Date "2019.05.04"]
[Round "4.11"]
[White "Leconte, Maria"]
[Black "Hamelin, Isabelle"]
[Result "1-0"]
[ECO "D05"]
[WhiteElo "2246"]
[BlackElo "1609"]
[Annotator "NA"]
[PlyCount "61"]
[EventDate "2019.05.02"]
[EventType "team-tourn"]
[EventCountry "FRA"]
[SourceTitle "playchess.com"]
[Source "ChessBase"]
[SourceQuality "1"]
[TimeControl "40/5400+30:1800+30"]

1. Nf3 d5 2. b3 Nf6 3. Bb2 e6 4. e3 Be7 5. d4 b6 6. Bd3 Bb7 7. Nbd2 O-O 8. Ne5 Nbd7 9. O-O a6 10. Qf3 c5 11. Qh3 h6 12. Rad1 Nxe5 13. dxe5 Nh7 14. f4 Bc8 15. c4 f5 16. Nf3 Rf7 17. cxd5 exd5 18. Bc4 Be6 19. e4 Qd7 20. exd5 Qe8 21. dxe6 Rf8 22. Rd7 b5 23. Bd5 Rb8 24. Nh4 Kh8 25. Rxe7 Qh5 26. Bf3 Ng5 27. Bxh5 Nxh3+ 28. gxh3 Kh7 29. Rd1 Rbd8 30. Rxd8 Rxd8 31. Rd7 1-0

[Event "FRA-chTW Top 12 2019"]
[Site "Vandoeuvre"]
[Date "2019.05.04"]
[Round "4.11"]
[White "Nicolas, Gabrielle"]
[Black "Klipper, Noemie"]
[Result "1-0"]
[ECO "D05"]
[WhiteElo "1733"]
[BlackElo "1816"]
[Annotator "NA RC"]
[PlyCount "93"]
[EventDate "2019.05.02"]
[EventType "team-tourn"]
[EventCountry "FRA"]
[SourceTitle "playchess.com"]
[Source "ChessBase"]
[SourceQuality "1"]
[TimeControl "40/5400+30:1800+30"]

1. d4 Nf6 2. Nf3 e6 3. e3 c5 4. Bd3 d5 5. b3 cxd4 6. exd4 Bd6 7. O-O O-O 8. Bg5 Nbd7 9. c3 Qc7 10. Qc2 b6 11. Nbd2 Bb7 12. a4 Rac8 13. Rfc1 h6 14. Bh4 Nh5 15. Nf1 e5 16. Bf5 e4 17. N3d2 Nf4 18. Qd1 Rce8 19. Ng3 g5 20. Nh5 Nxh5 21. Qxh5 Nf6 22. Qxh6 Bxh2+ 23. Kh1 Qf4 24. Qxg5+ Qxg5 25. Bxg5 Kg7 26. Kxh2 Rh8+ 27. Kg1 Rh5 28. Bxf6+ Kxf6 29. Bh3 Ba6 30. c4 Rg8 31. Kf1 dxc4 32. Nxe4+ Ke7 33. bxc4 Rd5 34. Ra3 Rxd4 35. Re3 Kd8 36. Ke1 Re8 37. Rd1 Rxd1+ 38. Kxd1 Bxc4 39. Kd2 Be6 40. Nf6 Re7 41. Bxe6 fxe6 42. g4 e5 43. g5 Re6 44. Ng4 e4 45. Nf6 Re5 46. Nxe4 Rf5 47. g6 1-0

[Event "FRA-chTW Top 12 2019"]
[Site "Vandoeuvre"]
[Date "2019.05.04"]
[Round "4.12"]
[White "Gromas, Hermine"]
[Black "Dornbusch, Tatiana"]
[Result "0-1"]
[ECO "A57"]
[WhiteElo "1476"]
[BlackElo "2285"]
[Annotator "NA"]
[PlyCount "42"]
[EventDate "2019.05.02"]
[EventType "team-tourn"]
[EventCountry "FRA"]
[SourceTitle "playchess.com"]
[Source "ChessBase"]
[SourceQuality "1"]
[TimeControl "40/5400+30:1800+30"]

1. d4 Nf6 2. c4 c5 3. d5 b5 4. b3 g6 5. Bb2 bxc4 6. bxc4 Bg7 7. Qc2 O-O 8. Nd2 e6 9. e4 exd5 10. exd5 Re8+ 11. Be2 Qe7 12. Nb3 d6 13. Nc1 Bf5 14. Qd1 Na6 15. a3 Rab8 16. Bc3 Ne4 17. Bxg7 Kxg7 18. Kf1 Qf6 19. Nd3 Nc3 20. Qe1 Nxe2 21. Nxe2 Bxd3 0-1

[Event "FRA-chTW Top 12 2019"]
[Site "Vandoeuvre"]
[Date "2019.05.05"]
[Round "5.3"]
[White "Klipper, Noemie"]
[Black "Maisuradze, Nino"]
[Result "0-1"]
[ECO "A25"]
[WhiteElo "1816"]
[BlackElo "2179"]
[Annotator "NA RC"]
[PlyCount "102"]
[EventDate "2019.05.02"]
[EventType "team-tourn"]
[EventCountry "FRA"]
[SourceTitle "playchess.com"]
[Source "ChessBase"]
[SourceQuality "1"]
[TimeControl "40/5400+30:1800+30"]

1. c4 e5 2. Nc3 Nc6 3. g3 g6 4. Bg2 Bg7 5. e3 d6 6. Nge2 h5 7. d4 h4 8. d5 Nce7 9. e4 a6 $146 {[%emt 0:07:51] A25: English Opening vs King's Indian with ...Nc6 but without early d3} ({Predecessor:} 9... f5 10. Bg5 Bf6 11. gxh4 Bd7 12. Qd3 Nc8 13. f4 exf4 14. O-O Bxg5 15. hxg5 Qxg5 16. Nxf4 Nce7 17. Nb5 O-O-O {½-½ (79) Timofeev,A (2671)-Bartel,M (2594) Budva 2009}) 10. Bd2 c5 11. h3 hxg3 12. Nxg3 Bd7 13. h4 b5 14. cxb5 axb5 15. a4 bxa4 16. Nxa4 Bh6 17. Bxh6 Rxh6 18. Nc3 Rxa1 19. Qxa1 Nc8 20. h5 gxh5 21. Rxh5 Rxh5 22. Nxh5 Qg5 23. Ng3 Nge7 24. Qd1 Ng6 25. Qd2 Nf4 26. Bf1 Ne7 27. Bb5 Qg4 28. Qd1 Ng2+ 29. Kd2 Qf4+ 30. Ke2 Qg4+ $11 31. Kd2 Qg5+ 32. Kc2 Qxg3 33. fxg3 Ne3+ 34. Kd2 Nxd1 35. Kxd1 f5 36. Bxd7+ Kxd7 37. Ke2 fxe4 38. Nxe4 Nxd5 39. g4 Nf4+ 40. Ke3 c4 41. Kd2 d5 42. Nc5+ Kc6 43. b4 Kb5 44. Nd7 Ng6 45. Nf6 d4 46. Nd5 e4 47. g5 Ne5 48. Ke2 c3 49. Ne7 d3+ 50. Kd1 e3 51. g6 e2+ 0-1

[Event "FRA-chTW Top 12 2019"]
[Site "Vandoeuvre"]
[Date "2019.05.05"]
[Round "5.3"]
[White "Hamelin, Isabelle"]
[Black "Franc, Nathalie"]
[Result "1-0"]
[ECO "A29"]
[WhiteElo "1609"]
[BlackElo "2004"]
[Annotator "NA RC"]
[PlyCount "74"]
[EventDate "2019.05.02"]
[EventType "team-tourn"]
[EventCountry "FRA"]
[SourceTitle "playchess.com"]
[Source "ChessBase"]
[SourceQuality "1"]
[TimeControl "40/5400+30:1800+30"]

1. c4 e5 2. Nc3 Nf6 3. g3 Nc6 4. Bg2 Bc5 5. Nf3 d6 6. O-O O-O 7. Na4 Bb6 8. Nxb6 axb6 9. a3 {[%emt 0:00:23] A29: English Opening: Four Knights Variation with 4 g3} Re8 10. d3 h6 11. b3 $146 ({Predecessor:} 11. Nd2 Bf5 12. b4 Qc8 13. Bb2 Bh3 14. e4 Bxg2 15. Kxg2 Qe6 16. h3 Nd7 {½-½ (38) Saenko,G (1856)-Chaves,T (1956) Brasilia 2012}) 11... Bf5 12. Bb2 e4 13. Nd4 Bg6 14. Nxc6 bxc6 15. dxe4 Bxe4 16. f3 Bg6 17. e4 Nd7 18. Re1 f6 19. Rc1 Rb8 20. b4 c5 $14 21. b5 Re7 22. f4 Qe8 23. e5 fxe5 24. Bc6 e4 25. Qg4 Bh5 26. Qh3 Bf3 27. Re3 Kh7 28. Rce1 Qf7 29. Bd5 Qg6 30. Rxf3 exf3 31. Rxe7 Qb1+ 32. Qf1 Qxb2 33. Qxf3 Qc1+ 34. Kg2 Nf6 35. Qd3+ Kh8 36. Qg6 Qd2+ 37. Kh3 Ne8 1-0

[Event "FRA-chTW Top 12 2019"]
[Site "Vandoeuvre"]
[Date "2019.05.05"]
[Round "5.4"]
[White "Fischer, Julie"]
[Black "Saliou, Sarah"]
[Result "1-0"]
[ECO "B31"]
[WhiteElo "2046"]
[BlackElo "1696"]
[Annotator "NA RC"]
[PlyCount "55"]
[EventDate "2019.05.02"]
[EventType "team-tourn"]
[EventCountry "FRA"]
[SourceTitle "playchess.com"]
[Source "ChessBase"]
[SourceQuality "1"]
[TimeControl "40/5400+30:1800+30"]

1. e4 c5 2. Nf3 Nc6 3. Bb5 g6 4. Bxc6 dxc6 5. d3 Bg7 6. h3 Nh6 {[%emt 0:03:46] B31: Sicilian: 2...Nc6 3 Bb5 g6} (6... Nf6 7. Nc3 Nd7 8. Be3 e5 9. Qd2 h6 10. a3 b6 11. b4 Nf8 12. bxc5 Ne6 13. cxb6 axb6 14. Qc1 f5 15. a4 f4 16. Bd2 O-O 17. Qb2 {0-1 (51) Meier,G (2628)-Caruana,F (2819) Karlsruhe/Baden Baden 2019}) 7. Nc3 f6 8. Be3 b6 9. O-O e5 10. Nh2 O-O 11. f4 exf4 12. Bxf4 f5 13. Qd2 Nf7 14. exf5 gxf5 $146 ({Predecessor:} 14... Bxf5) 15. Nf3 Be6 16. Rae1 Qd7 17. b3 Rae8 18. Ne2 Bd5 19. Ng3 Rxe1 20. Nxe1 Qe6 21. c4 Bxg2 22. Qxg2 Kh8 23. Nf3 Rg8 24. Kh1 Qd7 25. Nh4 $18 Qxd3 26. Nhxf5 Bf6 27. Qxc6 Ne5 28. Qxf6+ 1-0

[Event "FRA-chTW Top 12 2019"]
[Site "Vandoeuvre"]
[Date "2019.05.05"]
[Round "5.4"]
[White "Bauer, Alexandra"]
[Black "Gromas, Hermine"]
[Result "0-1"]
[ECO "A82"]
[WhiteElo "1349"]
[BlackElo "1476"]
[Annotator "NA RC"]
[PlyCount "76"]
[EventDate "2019.05.02"]
[EventType "team-tourn"]
[EventCountry "FRA"]
[SourceTitle "playchess.com"]
[Source "ChessBase"]
[SourceQuality "1"]
[TimeControl "40/5400+30:1800+30"]

1. d4 f5 2. Nc3 g6 3. e4 fxe4 4. Nxe4 Bg7 5. Nf3 Nf6 6. Bd3 O-O 7. c3 d5 8. Ng3 Nfd7 9. Qe2 e5 10. Bg5 Qe8 11. dxe5 Nxe5 12. Nxe5 Qxe5 13. Qxe5 Bxe5 14. Be3 Nc6 15. O-O Be6 16. Rfe1 Bf7 17. Bb5 a6 18. Bxc6 bxc6 19. Re2 Bd6 20. Rd1 Rfe8 21. f3 Re6 22. Rde1 Rae8 23. Bf2 Bxg3 24. Rxe6 Bxf2+ 25. Kxf2 Rxe6 26. Rxe6 Bxe6 27. a3 Kf7 28. Ke3 c5 29. h3 Kf6 30. g4 g5 31. f4 gxf4+ 32. Kxf4 h6 33. h4 d4 34. g5+ hxg5+ 35. hxg5+ Kg6 36. Ke4 Bf5+ 37. Kf3 d3 38. Ke3 c4 0-1

[Event "FRA-chTW Top 12 2019"]
[Site "Vandoeuvre"]
[Date "2019.05.05"]
[Round "5.5"]
[White "Guichard, Pauline"]
[Black "Collas, Silvia"]
[Result "1-0"]
[ECO "A17"]
[WhiteElo "2430"]
[BlackElo "2279"]
[Annotator "NA RC"]
[PlyCount "53"]
[EventDate "2019.05.02"]
[EventType "team-tourn"]
[EventCountry "FRA"]
[SourceTitle "playchess.com"]
[Source "ChessBase"]
[SourceQuality "1"]
[TimeControl "40/5400+30:1800+30"]

1. Nf3 d5 2. e3 Nf6 3. c4 e6 4. Nc3 Bd6 5. b3 b6 6. g3 {[%emt 0:03:43] A17: English Opening: 1...Nf6 with ...Bb4} Bb7 7. Bg2 O-O 8. Bb2 a6 9. O-O Nbd7 10. Qe2 Re8 $146 ({Predecessor:} 10... Qe7 11. d4 Rac8 12. Rfd1 Rfd8 {0-1 (52) Wei,Y (2734)-Wang,H (2710) Tianjin 2018}) 11. Rfd1 dxc4 12. bxc4 c5 13. d4 cxd4 14. exd4 Qc7 15. Rac1 Bb4 16. Nb1 Rac8 17. Ba1 b5 18. Qb2 Qa5 19. c5 Qa4 20. d5 exd5 $2 (20... Bxd5 $17 {and life is bright.} 21. Rd4 a5) 21. Bh3 Bc6 (21... Nxc5 {is a better defense.} 22. Bxc8 Rxc8) 22. Nd4 Red8 23. Nxc6 Rxc6 24. Rxd5 $11 (24. Bxd7 $18 Rxc5 25. Bf5) 24... Rxc5 25. Rcxc5 Bxc5 26. Bxd7 Qe4 27. Rxc5 1-0

[Event "FRA-chTW Top 12 2019"]
[Site "Vandoeuvre"]
[Date "2019.05.05"]
[Round "5.6"]
[White "Cramling, Pia"]
[Black "Bensdorp-De Labaca, Marlies"]
[Result "1-0"]
[ECO "A13"]
[WhiteElo "2454"]
[BlackElo "2229"]
[Annotator "RC"]
[PlyCount "157"]
[EventDate "2019.05.02"]
[EventType "team-tourn"]
[EventCountry "FRA"]
[SourceTitle "playchess.com"]
[Source "ChessBase"]
[SourceQuality "1"]
[TimeControl "40/5400+30:1800+30"]

1. c4 e6 2. g3 d5 3. Bg2 Nf6 4. Nf3 dxc4 5. Qa4+ Nbd7 6. Qxc4 a6 7. Qc2 c5 8. O-O b5 9. a4 Bb7 10. d3 Be7 11. Nc3 Qb6 12. e4 O-O 13. h3 Rac8 14. Be3 b4 15. Nb1 Qc7 16. Nbd2 Rfd8 17. Nc4 e5 18. a5 Bc6 19. Rfc1 Bb5 20. Qe2 Ne8 21. h4 Bxc4 22. Rxc4 Nd6 23. Rcc1 Nb7 24. Qc2 Nf8 25. Bh3 Rb8 26. d4 exd4 27. Nxd4 Bf6 28. Bf4 Be5 29. Bxe5 Qxe5 30. Nc6 Qc7 31. Nxb8 Rxb8 32. Qc4 Nxa5 33. Qa2 Nb7 34. Qxa6 Nd6 35. Qa7 Qxa7 36. Rxa7 Nxe4 37. Bg2 Nd6 38. Rxc5 Ne6 39. Rca5 Nc4 40. Ra8 Rf8 41. Rxf8+ Nxf8 42. Ra7 Nxb2 43. Bd5 Ne6 44. Ra8+ Nf8 45. Kf1 Nd3 46. Rb8 h6 47. Rb5 Ne5 48. Rxb4 g5 49. Re4 Neg6 50. h5 Nh8 51. Re7 Kg7 52. g4 Nh7 53. f3 Nf6 54. Bc4 Kf8 55. Ra7 Kg7 56. Ke2 Nh7 57. Ke3 Nf6 58. Kd4 Ng8 59. Ke5 Nf6 60. Bb5 Ng8 61. Bc6 Kf8 62. Be4 Kg7 63. Ra8 Ne7 64. Re8 Ng8 65. Bf5 f6+ 66. Kd5 Kf7 67. Ra8 Ne7+ 68. Ke4 Kg7 69. Be6 Nf7 70. Ra7 Nd6+ 71. Kd3 Kf8 72. Bb3 Nf7 73. Bxf7 Kxf7 74. Kd4 Ke6 75. Ra6+ Kf7 76. Kc5 Kg7 77. Kd6 Ng8 78. Ke6 Kf8 79. Ra7 1-0

[Event "FRA-chTW Top 12 2019"]
[Site "Vandoeuvre"]
[Date "2019.05.05"]
[Round "5.7"]
[White "Verot, Melanie"]
[Black "Dornbusch, Tatiana"]
[Result "1/2-1/2"]
[ECO "B03"]
[WhiteElo "2069"]
[BlackElo "2285"]
[Annotator "ChessBase"]
[PlyCount "55"]
[EventDate "2019.05.02"]
[EventType "team-tourn"]
[EventCountry "FRA"]
[SourceTitle "playchess.com"]
[Source "ChessBase"]
[SourceQuality "1"]
[TimeControl "40/5400+30:1800+30"]

1. e4 Nf6 2. e5 Nd5 3. d4 d6 4. c4 Nb6 5. exd6 exd6 6. Nc3 Be7 7. Bd3 Nc6 8. d5 Ne5 9. Nge2 O-O 10. f4 Nxd3+ 11. Qxd3 g6 12. Ng3 f5 13. Be3 Bf6 14. O-O Nd7 15. b4 a5 16. a3 Bg7 17. Bd4 Nf6 18. Rfe1 Bd7 19. c5 axb4 20. axb4 Rxa1 21. Rxa1 Qe7 22. Ra2 Qe1+ 23. Qf1 Re8 24. Qxe1 Rxe1+ 25. Kf2 Re8 26. Kg1 Re1+ 27. Kf2 Re8 28. Kg1 1/2-1/2

[Event "FRA-chTW Top 12 2019"]
[Site "Vandoeuvre"]
[Date "2019.05.05"]
[Round "5.7"]
[White "Afraoui, Anaelle"]
[Black "Nicolas, Gabrielle"]
[Result "1-0"]
[ECO "C14"]
[WhiteElo "2068"]
[BlackElo "1733"]
[Annotator "NA RC"]
[PlyCount "95"]
[EventDate "2019.05.02"]
[EventType "team-tourn"]
[EventCountry "FRA"]
[SourceTitle "playchess.com"]
[Source "ChessBase"]
[SourceQuality "1"]
[TimeControl "40/5400+30:1800+30"]

1. e4 e6 2. d4 d5 3. Nc3 Nf6 4. Bg5 Be7 5. e5 Nfd7 6. Bxe7 Qxe7 7. f4 a6 8. Nf3 c5 9. dxc5 Nc6 10. Qd2 Qxc5 11. O-O-O b5 12. Bd3 Nb6 13. Ne2 {[%emt 0:10:29] C14: French: Classical System: 4 Bg5 Be7 main line} (13. Kb1 Bb7 14. f5 O-O-O 15. Qg5 g6 16. fxe6 fxe6 17. Rhf1 Kb8 18. Qf6 Rhf8 19. Qh4 Nc4 20. Bxc4 Qxc4 21. Qxh7 {0-1 (29) Seres,L (2482)-Cao,S (2540) Hungary 2003}) 13... Bd7 14. h4 Nb4 $146 ({Predecessor:} 14... b4 15. Kb1 h6 16. h5 Na4 17. g4 Rb8 18. Ka1 Qa5 19. f5 Nc5 20. Ned4 Ne4 21. Bxe4 dxe4 22. fxe6 fxe6 23. Nxc6 Bxc6 24. Qd6 {1-0 (24) Radovanovic,J (2217)-Mack,A (2262) West Bromwich 2004}) 15. Kb1 a5 16. Rhf1 O-O 17. Ng5 h6 18. Nf3 Rfc8 19. Nfd4 Nc4 20. Bxc4 $1 Qxc4 $14 21. Nc1 Ra7 22. Rf3 Nc6 23. Nxc6 Rxc6 24. Ne2 b4 25. Nd4 Rc8 26. g4 a4 27. h5 Rb8 28. g5 hxg5 29. fxg5 Qc5 30. g6 Be8 31. h6 Qe7 32. gxf7+ Bxf7 33. Nc6 Qc7 34. Nxa7 Bh5 35. Rg3 g6 36. Rh1 Kh8 37. Qg5 Rf8 38. Qe3 Qc4 39. Rc1 d4 40. Qd3 Qd5 41. Nb5 Rd8 42. Nd6 Rd7 43. Qe4 Rxd6 44. Qf4 Rd7 45. Qf6+ Kg8 46. Rcg1 Rf7 47. h7+ Rxh7 48. Rxg6+ 1-0

[Event "FRA-chTW Top 12 2019"]
[Site "Vandoeuvre"]
[Date "2019.05.05"]
[Round "5.8"]
[White "Leconte, Maria"]
[Black "Gras, Delphine"]
[Result "1-0"]
[ECO "B18"]
[WhiteElo "2246"]
[BlackElo "1835"]
[Annotator "NA"]
[PlyCount "53"]
[EventDate "2019.05.02"]
[EventType "team-tourn"]
[EventCountry "FRA"]
[SourceTitle "playchess.com"]
[Source "ChessBase"]
[SourceQuality "1"]
[TimeControl "40/5400+30:1800+30"]

1. e4 c6 2. d4 d5 3. Nc3 dxe4 4. Nxe4 Bf5 5. Ng3 Bg6 6. Nh3 e6 7. Bc4 Nf6 8. O-O Bd6 9. f4 Qc7 10. Kh1 O-O (10... b5 $5 11. Bb3 O-O $11) 11. f5 exf5 12. Nxf5 Bxh2 13. Nh6+ (13. Nxg7 $11 {remains equal.} Kxg7 {[#]} 14. Rxf6 $1 ) 13... Kh8 14. Rxf6 gxf6 15. Qf3 Nd7 16. Ng4 Bh5 17. Nhf2 Rae8 $2 (17... Qg3 $19 18. Bd3 Qxf3 19. gxf3 Bc7) 18. Bh6 Rg8 19. Qh3 Bxg4 20. Nxg4 Qg3 21. Nxh2 Re1+ 22. Rxe1 Qxe1+ 23. Nf1 Nb6 24. Bd3 Qe6 25. Bf5 Qc4 26. Nd2 Qd5 {[%emt 0:00:59] [#]} 27. Bg5 $18 1-0

[Event "FRA-chTW Top 12 2019"]
[Site "Vandoeuvre"]
[Date "2019.05.05"]
[Round "5.9"]
[White "Savina, Anastasia"]
[Black "Heinemann, Josefine"]
[Result "1/2-1/2"]
[ECO "E15"]
[WhiteElo "2353"]
[BlackElo "2227"]
[Annotator "NA RC"]
[PlyCount "69"]
[EventDate "2019.05.02"]
[EventType "team-tourn"]
[EventCountry "FRA"]
[SourceTitle "playchess.com"]
[Source "ChessBase"]
[SourceQuality "1"]
[TimeControl "40/5400+30:1800+30"]

1. d4 Nf6 2. c4 e6 3. Nf3 b6 4. g3 Ba6 5. Nbd2 d5 6. Bg2 Be7 7. O-O {[%emt 0:08:02] E15: Queen's Indian: 4 g3 sidelines, 4 g3 Ba6 and 4 g3 Bb7 early deviations} (7. cxd5 exd5 8. b4 O-O 9. Rb1 c5 10. dxc5 bxc5 11. b5 Bb7 12. O-O Nbd7 13. Nh4 Re8 14. a4 Bf8 {½-½ (68) Antipov,M (2588)-Harikrishna,P (2745) Caleta 2018}) 7... O-O 8. Re1 Nbd7 9. b3 c5 10. Bb2 Rc8 11. dxc5 $146 ({Predecessor:} 11. e4 dxe4 12. Nxe4 Nxe4 13. Rxe4 Bb7 14. Re2 cxd4 15. Nxd4 Bxg2 16. Kxg2 {1-0 (32) Zubarev,A (2597)-Fakhiridou,E (2183) Kavala 2011}) 11... bxc5 12. e4 dxe4 13. Ng5 Bb7 14. Ndxe4 Qc7 15. Qc2 Nxe4 16. Nxe4 f5 17. Nd2 e5 18. Bd5+ Bxd5 19. cxd5 e4 20. Nc4 Bd6 {[%emt 0:01:05] [#]} 21. Qc3 ({White should try} 21. f3 $1 $16) 21... Rf7 22. Rac1 h5 23. Qd2 h4 24. Qg5 hxg3 25. hxg3 Ne5 (25... Be5 $1 $11 {remains equal.}) 26. Bxe5 Bxe5 27. Kg2 Bd4 28. Rh1 $16 f4 29. Qg6 Rf6 30. Qxe4 fxg3 31. Qh7+ Kf7 32. Qh5+ Kg8 33. Qh7+ Kf7 34. Qh5+ Kg8 35. Qh7+ 1/2-1/2

[Event "FRA-chTW Top 12 2019"]
[Site "Vandoeuvre"]
[Date "2019.05.05"]
[Round "5.10"]
[White "Skripchenko, Almira"]
[Black "Marin Benito, Carla"]
[Result "1-0"]
[ECO "C78"]
[WhiteElo "2406"]
[BlackElo "1978"]
[Annotator "RC"]
[PlyCount "117"]
[EventDate "2019.05.02"]
[EventType "team-tourn"]
[EventCountry "FRA"]
[SourceTitle "playchess.com"]
[Source "ChessBase"]
[SourceQuality "1"]
[TimeControl "40/5400+30:1800+30"]

1. e4 e5 2. Nf3 Nc6 3. Bb5 a6 4. Ba4 Nf6 5. d3 b5 6. Bb3 h6 7. O-O Bc5 8. c3 O-O 9. d4 exd4 10. cxd4 Bb6 11. e5 Ne8 12. Qd3 d5 13. a4 bxa4 14. Bc2 f5 15. Bxa4 Nb4 16. Qb3 c5 17. dxc5 Bxc5 18. Be3 Bxe3 19. Qxe3 Nc7 20. Nc3 Ne6 21. Rfd1 Bb7 22. Bb3 Kh8 23. Ne2 f4 24. Qd2 Qb6 25. Rac1 a5 26. Ned4 Nxd4 27. Qxd4 Qxd4 28. Nxd4 Rac8 29. Ra1 Rc5 30. Ne6 Rfc8 31. Nxc5 Rxc5 32. Rac1 Rxc1 33. Rxc1 Bc6 34. e6 Kg8 35. Bxd5 Bxd5 36. Rc8+ Kh7 37. e7 Bf7 38. e8=Q Bxe8 39. Rxe8 Kg6 40. Re5 Nd3 41. Rb5 a4 42. Kf1 Kf6 43. Ke2 Nc1+ 44. Kd2 Nb3+ 45. Kc3 Nc1 46. Ra5 Ne2+ 47. Kd3 Nc1+ 48. Ke4 Nb3 49. Rf5+ Ke6 50. Rxf4 Nc5+ 51. Ke3 Ke5 52. Rb4 Kd5 53. h4 Ke5 54. f4+ Kd5 55. h5 Kc6 56. g4 Kd5 57. g5 Kc6 58. Kd4 hxg5 59. Rc4 1-0

[Event "FRA-chTW Top 12 2019"]
[Site "Vandoeuvre"]
[Date "2019.05.05"]
[Round "5.11"]
[White "Choisy, Mathilde"]
[Black "Haussernot, Cecile"]
[Result "1/2-1/2"]
[ECO "B86"]
[WhiteElo "2113"]
[BlackElo "2097"]
[Annotator "NA RC"]
[PlyCount "72"]
[EventDate "2019.05.02"]
[EventType "team-tourn"]
[EventCountry "FRA"]
[SourceTitle "playchess.com"]
[Source "ChessBase"]
[SourceQuality "1"]
[TimeControl "40/5400+30:1800+30"]

1. e4 c5 2. Nf3 d6 3. d4 cxd4 4. Nxd4 Nf6 5. Nc3 a6 6. Bc4 e6 7. O-O Be7 8. Bb3 O-O 9. f4 Qc7 10. f5 e5 11. Nde2 b5 {[%emt 0:00:29] B86: Sicilian Scheveningen/Najdorf: 6 Bc4, without early ...b5} 12. Ng3 Bb7 13. a3 Nbd7 14. Qe2 $146 ({Predecessor:} 14. Bg5 Nb6 15. Bxf6 Bxf6 16. Nh5 Kh8 17. Nxf6 gxf6 18. Qh5 Nc4 19. Rf3 Rg8 20. Qh6 Qe7 21. Rh3 Rg7 22. Rf1 {0-1 (30) Biriukov,A (2218)-Aghasiyev,K (2411) Efremov 2017}) 14... Nc5 15. Bg5 Nxb3 16. cxb3 h6 17. Bxf6 Bxf6 18. Rad1 b4 19. axb4 Qb6+ 20. Kh1 Qxb4 21. Nh5 Bg5 22. Qg4 Kh7 23. h4 Bf6 24. Nd5 Bxd5 25. Rxd5 Rac8 26. Rfd1 Rfd8 27. Nxf6+ gxf6 28. Qf3 Rc2 29. Qh5 Rg8 30. Rxd6 Rcxg2 31. Rxf6 Rg1+ $1 32. Rxg1 Qxe4+ 33. Kh2 $11 Qf4+ 34. Kh1 Qe4+ 35. Kh2 Qf4+ 36. Kh1 Qe4+ 1/2-1/2

[Event "FRA-chTW Top 12 2019"]
[Site "Vandoeuvre"]
[Date "2019.05.05"]
[Round "5.11"]
[White "Bismuth, Lea"]
[Black "Flear, Christine"]
[Result "1/2-1/2"]
[ECO "A45"]
[WhiteElo "1956"]
[BlackElo "2037"]
[Annotator "NA RC"]
[PlyCount "54"]
[EventDate "2019.05.02"]
[EventType "team-tourn"]
[EventCountry "FRA"]
[SourceTitle "playchess.com"]
[Source "ChessBase"]
[SourceQuality "1"]
[TimeControl "40/5400+30:1800+30"]

1. d4 Nf6 2. Bf4 c5 3. e3 g6 4. Nc3 Bg7 5. h4 cxd4 6. exd4 Qb6 7. Qd2 Nh5 8. Be3 d6 9. O-O-O Qa5 10. Nge2 Nc6 11. f3 Bd7 12. g4 Nf6 13. Ng3 ({Better is} 13. Nf4 $16) 13... Nd5 14. Nge4 Nxe3 15. Qxe3 O-O-O 16. Kb1 h5 17. g5 Kb8 18. Bc4 Rhf8 $11 19. Nd5 Rc8 20. Rd3 Nb4 21. Nxb4 Rxc4 22. c3 Bf5 23. Qf4 Rfc8 24. Nc2 Qb6 25. Ka1 Ra4 26. Rd2 Ka8 27. Re1 Qa5 1/2-1/2

[Event "FRA-chTW Top 12 2019"]
[Site "Vandoeuvre"]
[Date "2019.05.05"]
[Round "5.12"]
[White "Neuhauser, Salome"]
[Black "Stoll, Lucia"]
[Result "1-0"]
[ECO "C00"]
[WhiteElo "2073"]
[BlackElo "1404"]
[Annotator "NA RC"]
[PlyCount "65"]
[EventDate "2019.05.02"]
[EventType "team-tourn"]
[EventCountry "FRA"]
[SourceTitle "playchess.com"]
[Source "ChessBase"]
[SourceQuality "1"]
[TimeControl "40/5400+30:1800+30"]

1. Nf3 d5 2. g3 Nf6 3. Bg2 e6 4. O-O Be7 5. d3 O-O 6. Nbd2 c5 7. e4 Nc6 8. Re1 b5 9. e5 Nd7 10. Nf1 Bb7 11. h4 Qc7 12. Bf4 Rfc8 {[%emt 0:00:43] C00: French: Unusual White 2nd moves} 13. N1h2 (13. Ne3 Qd8 14. Ng4 Bf8 15. Bg5 Qe8 16. c3 h6 17. Bf4 a5 18. Qd2 b4 19. c4 Ne7 20. h5 {1-0 (59) Kuzubov,Y (2699)-Grischuk,A (2772) Riadh 2017}) 13... Qd8 14. Ng5 Nf8 $146 ({Predecessor:} 14... h6 15. Ngf3 b4 16. Qd2 a5 17. Ng4 Bf8 18. h5 a4 19. a3 bxa3 20. bxa3 {1-0 (32) Puranik,A (2536)-Logothetis,S (2210) Caleta 2019}) 15. Qh5 Qe8 16. Qd1 a5 17. Ng4 Nd7 18. c3 b4 19. c4 dxc4 20. dxc4 Nb6 21. Be4 h6 22. Nh7 $16 h5 23. Ngf6+ gxf6 24. exf6 Nd7 25. Qxh5 Nxf6 26. Qg5+ Kh8 27. Nxf6 Bxf6 28. Qxf6+ Kg8 29. Bh6 Qf8 30. Qg5+ Kh8 31. Bxf8 Rxf8 32. Qh6+ Kg8 33. Qh7# 1-0